 Dungeon Crawl Stone Soup version 0.21.1-1-g345015fe64 (webtiles) character file.

100 Dox the Magician (level 5, 0/36 HPs)
             Began as a Human Wizard on Apr 20, 2018.
             Slain by an orc priest
             ... wielding a +0 mace
              (2 damage)
             ... on level 3 of the Dungeon.
             The game lasted 00:10:32 (2861 turns).

Dox the Magician (Human Wizard)                     Turns: 2861, Time: 00:10:33

Health: 0/36       AC:  4    Str:  8    XL:     5   Next: 3%
Magic:  1/11       EV: 12    Int: 18    God:
Gold:   97         SH:  0    Dex: 12    Spells: 8/12 levels left

rFire    . . .     SeeInvis .   n - +0 quarterstaff
rCold    . . .     Gourm    .   (shield currently unavailable)
rNeg     . . .     Faith    .   a - +0 robe
rPois    .         Spirit   .   j - +1 helmet
rElec    .         Reflect  .   (no cloak)
rCorr    .         Harm     .   (no gloves)
MR       .....                  (no boots)
Stlth    ++........             (no amulet)
HPRegen  0.12/turn              (no ring)
MPRegen  0.12/turn              (no ring)

@: no status effects
A: no striking features
a: no special abilities


You were on level 3 of the Dungeon.
You were not hungry.

You visited 1 branch of the dungeon, and saw 3 of its levels.

You collected 97 gold pieces.

Inventory:

Hand Weapons
 n - a +0 quarterstaff (weapon)
Missiles
 k - 74 stones (quivered)
Armour
 a - a +0 robe (worn)
 j - a +1 helmet (worn)
 q - a +0 leather armour
Scrolls
 e - a scroll of enchant armour {unknown}
 f - a scroll of blinking {unknown}
 h - 2 scrolls of remove curse {unknown}
 i - a scroll of random uselessness {unknown}
 l - 2 scrolls of identify {unknown}
 m - a scroll of magic mapping {unknown}
 o - 3 scrolls of amnesia {unknown}
 p - a scroll of teleportation {unknown}
 r - 2 scrolls of fog {unknown}
Potions
 g - 2 potions of curing {unknown}
Books
 c - a book of Minor Magic

   Spells                             Type                      Level
   a - Magic Dart                     Conjuration                  1
   b - Blink                          Translocation                2
   c - Call Imp                       Summoning                    2
   d - Slow                           Hexes                        2
   e - Conjure Flame                  Conjuration/Fire             3
   f - Mephitic Cloud                 Conjuration/Poison/Air       3
Comestibles
 b - a chunk of flesh
 d - 4 rations


   Skills:
 + Level 0.4 Fighting
 + Level 0.1 Staves
 + Level 2.5 Dodging
 - Level 2.0 Stealth
 + Level 4.1 Spellcasting
 * Level 2.3 Conjurations
   Level 1.0 Summonings
   Level 1.0 Translocations


You had 8 spell levels left.
You knew the following spells:

 Your Spells              Type           Power        Failure   Level  Hunger
a - Magic Dart            Conj           ##..         5%          1    None
b - Mephitic Cloud        Conj/Pois/Air  #.......     32%         3    ###....


Dungeon Overview and Level Annotations

Branches:
Dungeon (3/15)

Altars:
Elyvilon
Qazlal
Ru
Beogh


Message History

Confirm with . or Enter, or press ? or * to list all spells.
Aiming: Magic Dart
Press: ? - help, Shift-Dir - straight line, f - orc priest
Aim: an orc priest, wielding a mace and wearing a scale mail The magic dart hits the orc priest.
The orc priest is moderately wounded.
You barely miss the orc priest.
The orc priest is moderately wounded.
The orc priest hits you with a mace. The orc priest barely misses you.
You hit the orc priest.
The orc priest is moderately wounded.
The orc priest completely misses you.
You barely miss the orc priest.
The orc priest is moderately wounded.
The orc priest hits you with a mace!
* * * LOW HITPOINT WARNING * * *
You hit the orc priest.
The orc priest is severely wounded.
The orc priest hits you with a mace.
You die...

#..# #..# #..#
#.>#
#.)###########
#..........>.#
##.#######...#
#.# #.### ##.#
#@# #..# #o#
#..# #o'...oo#
# #..#
###.8.8o# #
#..# #($o## #
#..# #### #
#..# # #..# #
#..#


You could see an orc priest and an orc.

Vanquished Creatures
  An orc priest (D:3)
  An adder (D:2)
  An ooze (D:2)
  4 dart slugs
  A worm (D:2)
  2 orcs (D:3)
  5 bats
  A giant cockroach (D:1)
  7 goblins
  7 hobgoblins
  A quokka (D:2)
  2 frilled lizards
  7 kobolds
  5 rats
45 creatures vanquished.

Notes
Turn   | Place    | Note
-------+----------+-------------------------------------------
     0 | D:1      | Dox the Human Wizard began the quest for the Orb.
     0 | D:1      | Reached XP level 1. HP: 13/13 MP: 4/4
   170 | D:1      | Reached XP level 2. HP: 15/19 MP: 0/6
   829 | D:1      | Reached XP level 3. HP: 24/24 MP: 4/8
  1589 | D:2      | Found a sacrificial altar of Ru.
  1614 | D:2      | Found a stormy altar of Qazlal.
  1957 | D:2      | Reached XP level 4. HP: 12/30 MP: 1/9
  2198 | D:2      | Reached skill level 4 in Spellcasting
  2503 | D:2      | Found a white marble altar of Elyvilon.
  2832 | D:3      | Found a roughly hewn altar of Beogh.
  2838 | D:3      | Learned a level 3 spell: Mephitic Cloud
  2845 | D:3      | Reached XP level 5. HP: 25/36 MP: 2/11
  2861 | D:3      | Slain by an orc priest

Skill      XL: |  1  2  3  4 |
---------------+-------------+-----
Spellcasting   | 4 |  4.1
Conjurations   | 2 |  2.3
Fighting       | |  0.4
Staves         | |  0.1
Dodging        | |  2.5
Stealth        | |  2.0
Summonings     | |  1.0
Translocations | |  1.0

Action                   |  1- 3 |  4- 6 || total
-------------------------+-------+-------++-------
Melee: Unarmed           |    31 |       ||    31
       Quarterstaff      |    10 |     8 ||    18
       Short sword       |     3 |       ||     3
 Cast: Magic Dart        |    97 |    48 ||   145
 Stab: Sleeping          |     1 |       ||     1
  Eat: Chunk             |     3 |     3 ||     6
Armor: Robe              |    19 |       ||    19
Dodge: Dodged            |    41 |    15 ||    56
